 Dungeon Crawl Stone Soup version 0.26-a0-834-g69557b85cc (webtiles) character file.

Game seed: 18063097905288947483

4523 vortex the Skirmisher (level 10, -1/88 HPs)
             Began as a Hill Orc Fire Elementalist on Nov 16, 2020.
             Was a Believer of the Shining One.
             Slain by an orc warrior
             ... wielding a +0 long sword
              (18 damage)
             ... on level 8 of the Dungeon.
             The game lasted 00:35:38 (11451 turns).

vortex the Skirmisher (Hill Orc Fire Elementalist) Turns: 11451, Time: 00:35:39

Health: -1/88      AC: 12    Str: 12    XL:     10   Next: 39%
Magic:  1/15       EV: 12    Int: 18    God:    the Shining One [**....]
Gold:   491        SH:  0    Dex: 11    Spells: 6/16 levels left

rFire    + + .     SeeInvis .   s - +3 war axe (freeze)
rCold    x . .     Faith    .   (no shield)
rNeg     + . .     Spirit   .   l - +2 leather armour {rF+}
rPois    .         Reflect  .   C - +0 helmet
rElec    .         Harm     .   r - +2 cloak
rCorr    +         Rampage  .   x - +0 pair of gloves
MR       .....                  (no boots)
Stlth    +.........             (no amulet)
HPRegen  0.24/turn              D - ring of resist corrosion
MPRegen  0.14/turn              A - ring of fire

@: lethally poisoned (-1 -> -32), glowing
A: icy blue scales 1, subdued magic 1, MP-powered wands
a: Divine Shield, Renounce Religion


You were on level 8 of the Dungeon.
You worshipped the Shining One.
The Shining One was pleased with you.
You visited 2 branches of the dungeon, and saw 9 of its levels.

You collected 530 gold pieces.
You spent 39 gold pieces at shops.

Inventory:

Hand Weapons
 s - a +3 war axe of freezing (weapon)
Missiles
 e - 223 stones (quivered)
Armour
 l - a +2 leather armour of fire resistance (worn)
 r - a +2 cloak (worn)
 x - a +0 pair of gloves (worn)
 C - a +0 helmet (worn)
Jewellery
 A - a ring of fire (right hand)
 D - a ring of resist corrosion (left hand)
Wands
 m - a wand of digging (7)
 t - a wand of polymorph (17)
Scrolls
 a - 3 scrolls of fog
 b - a scroll of immolation
 c - 2 scrolls of blinking
 f - 4 scrolls of remove curse
 j - 2 scrolls of magic mapping
 v - a scroll of fear
 w - a scroll of amnesia
 B - 5 scrolls of teleportation
Potions
 d - a potion of cancellation {unknown}
 h - 4 potions of mutation
 k - a potion of heal wounds
 o - a potion of magic {unknown}
 q - a potion of flight
 u - a potion of lignification


   Skills:
 * Level 7.8 Fighting
 + Level 4.6 Axes
 - Level 3.4 Dodging
 - Level 1.5 Stealth
 - Level 3.7 Shields
 + Level 3.8 Spellcasting
 + Level 4.5 Conjurations
 - Level 2.7 Translocations
 - Level 2.3 Transmutations
 + Level 6.1 Fire Magic
 - Level 3.8 Earth Magic
 - Level 4.5 Invocations
 - Level 3.3 Evocations


You had 6 spell levels left.
You knew the following spells:

 Your Spells              Type           Power        Failure   Level
a - Foxfire               Conj/Fire      ####         1%          1
c - Sticky Flame          Conj/Fire      ####....     17%         4
f - Fireball              Conj/Fire      ####......   45%         5

Your spell library contained the following spells:

 Spells                   Type           Power        Failure   Level
 Conjure Flame            Conj/Fire      ####....     4%          3
 Inner Flame              Hex/Fire       ###.....     13%         3
 Summon Small Mammal      Summ           #...         16%         1
 Call Imp                 Summ           #.......     24%         2
 Poisonous Vapours        Pois/Air       #.....       24%         2
 Mephitic Cloud           Conj/Pois/Air  #.......     26%         3
 Call Canine Familiar     Summ           #.......     45%         3
 Summon Guardian Golem    Hex/Summ       #.......     45%         3
 Summon Ice Beast         Ice/Summ       #.......     86%         4
 Summon Lightning Spire   Summ/Air       #.......     86%         4
 Freezing Cloud           Conj/Ice/Air   #.........   100%        6


Dungeon Overview and Level Annotations

Branches:
Dungeon (8/15)             Temple (1/1) D:5
   Lair: D:8-11

Altars:
Ashenzari
Cheibriados
Dithmenos
Elyvilon
Fedhas
Gozag
Hepliaklqana
Kikubaaqudgha
Makhleb
Nemelex Xobeh
Okawaru
Qazlal
Ru
Sif Muna
Trog
Uskayaw
Vehumet
Wu Jian
Xom
Yredelemnul
Zin
The Shining One

Shops:
D:5 *


Innate Abilities, Weirdness & Mutations

You are partially covered in icy blue scales. (AC +2)
Your spells are a little easier to cast, but a little less powerful.
You expend magic power (3 MP) to strengthen your wands.


Message History

Evoke which item? (* to show all) (? for menu, Esc to quit)
Press: ? - help, Shift-Dir - straight line, f - orc warrior
Aim: an orc warrior, wielding a +0 long sword and wearing a +0 chain mail (heavily wounded, haloed) Digging in that direction won't affect any walls.
Okay, then.
Evoke which item? (* to show all) (? for menu, Esc to quit)
Aiming: Polymorph
Press: ? - help, Shift-Dir - straight line, f - orc warrior
Aim: an orc warrior, wielding a +0 long sword and wearing a +0 chain mail (heavily wounded, haloed, will become a big kobold, an ooze, or a warg, chance to defeat MR: 62%)
You feel a surge of power!
The orc warrior resists with significant effort.
* * * LOW HITPOINT WARNING * * *
You feel very sick.
The foxfire hits the orc warrior.
The orc warrior is heavily wounded.
The foxfire hits the orc warrior but does no damage.
The orc warrior is heavily wounded.
The hound bites you but does no damage.
The orc warrior hits you with a +0 long sword!!
You die... .♣P♣#......g# ..$....$$ ♣ PPP♣#.....K.#.......... ♣ .P♣♣#...:...# ..h.... #♣ .PP♣#.K..[.. hoggg .. .♣♣♣. .P♣♣#KKgo. ##### '''

..... ..♣♣##### ###♣♣♣...♣♣♣♣....
...♣. #...♣♣..♣♣♣.♣.♣.....♣......
♣P.. ##P♣P♣....♣..P.§.g.♣.♣.....
.....
#..P....P.....§@og).............
##'#.)........(§.h.)..........###
#...#####.....#.##...##......#
.....###........####.###...#.# #
......##.###.##.# #.........# ##
.......#.##...#.####.##.....####.
.......).)...))).).............'.
.......#.##...))##.#.##.....####.
......##.###.......#........# ##


You could see an orc warrior, a gnoll sergeant, 3 hounds, an orc wizard, 2
gnolls and a hobgoblin.

Vanquished Creatures
  A two-headed ogre (D:8)
  Maggie (D:7)
  Prince Ribbit (D:7)
  Menkaure (D:6)
  A black bear (D:8)
  An ice beast (D:7)
  2 orc warriors (D:8)
  4 phantoms
  3 ogres
  6 centaurs
  3 bullfrogs
  2 scorpions
  10 wights
  A howler monkey (D:6)
  A jelly (D:6)
  A gnoll shaman (D:8)
  3 hounds
  7 orc priests
  6 orc wizards
  An iguana (D:4)
  Crazy Yiuf (D:2)
  6 worker ants
  A worker ant zombie (D:5)
  12 adders
  2 shadow imps (D:8)
  4 white imps
  3 ufetubi
  An ooze (D:1)
  4 worms
  3 dart slugs
  A leopard gecko (D:7)
  37 orcs
  7 giant cockroaches
  3 goblins
  13 hobgoblins
  9 jackals
  4 quokkas
  2 ball pythons
  7 bats
  7 frilled lizards
  A jackal skeleton (D:4)
  10 kobolds
  A leopard gecko zombie (D:8)
  9 rats
204 creatures vanquished.

Vanquished Creatures (collateral kills)
  A foxfire (D:8)
1 creature vanquished.

Vanquished Creatures (others)
  804 foxfires
  36 plants (D:8)
840 creatures vanquished.

Grand Total: 1045 creatures vanquished

Notes
Turn   | Place    | Note
-------+----------+-------------------------------------------
     0 | D:1      | vortex the Hill Orc Fire Elementalist began the quest for
                  | the Orb.
     0 | D:1      | Reached XP level 1. HP: 14/14 MP: 3/3
   231 | D:1      | Reached XP level 2. HP: 22/22 MP: 0/4
   669 | D:1      | Reached skill level 1 in Fighting
   833 | D:1      | Reached XP level 3. HP: 28/28 MP: 5/5
  1226 | D:2      | Found a shimmering altar of Xom.
  1226 | D:2      | Found a shimmering altar of Xom.
  1226 | D:2      | Found a shimmering altar of Xom.
  1367 | D:2      | Reached skill level 1 in Earth Magic
  1797 | D:2      | Found a snail-covered altar of Cheibriados.
  1845 | D:2      | Found a runed translucent door.
  1846 | D:2      | Noticed Crazy Yiuf
  1953 | D:2      | Reached XP level 4. HP: 35/35 MP: 3/6
  2222 | D:2      | Killed Crazy Yiuf
  2371 | D:3      | Reached skill level 1 in Shields
  2458 | D:3      | Reached skill level 1 in Invocations
  2832 | D:3      | Reached XP level 5. HP: 41/41 MP: 1/7
  3044 | D:3      | Reached skill level 1 in Evocations
  3613 | D:3      | Learned a level 4 spell: Sticky Flame
  3817 | D:4      | Reached skill level 2 in Fighting
  3875 | D:4      | Noticed an ogre
  3879 | D:4      | Killed an ogre
  3880 | D:4      | Reached skill level 1 in Translocations
  3880 | D:4      | Reached XP level 6. HP: 50/50 MP: 3/8
  3954 | D:4      | Reached skill level 1 in Transmutations
  4096 | D:4      | Noticed a phantom
  4106 | D:4      | Killed a phantom
  4107 | D:4      | Reached skill level 3 in Fighting
  4177 | D:4      | Found a hazy altar of Hepliaklqana.
  4247 | D:4      | Reached XP level 7. HP: 45/57 MP: 3/10
  4917 | D:5      | Entered Level 5 of the Dungeon
  5803 | D:5      | Reached skill level 4 in Fighting
  5812 | D:5      | Reached XP level 8. HP: 66/66 MP: 1/11
  6113 | D:5      | Found Kuytrus's General Store.
  6124 | D:5      | Bought a potion of flight for 39 gold pieces
  6187 | D:5      | Found a staircase to the Ecumenical Temple.
  6193 | Temple   | Entered the Ecumenical Temple
  6366 | Temple   | Became a worshipper of the Shining One
  7525 | D:6      | Reached skill level 1 in Axes
  7731 | D:6      | Noticed Menkaure
  7741 | D:6      | Killed Menkaure
  7742 | D:6      | Reached skill level 5 in Fighting
  8073 | D:7      | Reached XP level 9. HP: 53/74 MP: 10/13
  8089 | D:7      | Learned a level 5 spell: Fireball
  8415 | D:7      | Found a glowing golden altar of the Shining One.
  8425 | D:7      | Reached * piety under the Shining One
  8987 | D:7      | Reached skill level 5 in Fire Magic
  9057 | D:7      | Noticed Prince Ribbit
  9069 | D:7      | Killed Prince Ribbit
  9416 | D:8      | Noticed Maggie
  9436 | D:7      | Killed Maggie
  9437 | D:7      | Reached skill level 6 in Fighting
 10214 | D:8      | Reached XP level 10. HP: 75/84 MP: 10/15
 10225 | D:8      | Reached ** piety under the Shining One
 10286 | D:8      | Reached skill level 7 in Fighting
 10455 | D:8      | Noticed a two-headed ogre
 10466 | D:8      | Killed a two-headed ogre
 10739 | D:8      | Got a translucent great mace
 11444 | D:8      | Gained mutation: You are partially covered in icy blue
                  | scales. (AC +2) [potion of mutation]
 11444 | D:8      | Gained mutation: Your spells are a little easier to cast,
                  | but a little less powerful. [potion of mutation]
 11444 | D:8      | Gained mutation: You expend magic power (3 MP) to
                  | strengthen your wands. [potion of mutation]
 11451 | D:8      | Slain by an orc warrior

Illustrated notes

Levels and vault maps discovered:
D:1:      tarquinn_simple_flora_water_c, layout_basic
D:2:      layout_loops_ring, lemuel_crystal_altar, xom_redecorated,
          uniq_crazy_yiuf_cottage
D:3:      layout_basic
D:4:      layout_rooms, lightli_sewer_entry_pipes, serial_park_tiny_pond,
          chequers_serial_rivers_marsh, corexii_checkpoint_a,
          lemuel_altar_in_water
D:5:      layout_layer_cave, minmay_temple_entry_enclosed_plants, serial_shops,
          nicolae_shop_statue_plus
D:6:      layout_rooms, st_stairs_14, uniq_menkaure
D:7:      layout_loops_cross, basic_altar, uniq_prince_ribbit1
D:8:      kennysheep_housing_project, layout_loops_corners, special_room
          [special_room_orc], uniq_psyche, uniq_maggie
Temple:   kilobyte_greek_temple

Skill      XL: |  1  2  3  4  5  6  7  8  9 10 |
---------------+-------------------------------+-----
Fighting       | 1 2 3 4 5 6 7 |  7.8
Earth Magic    | 1 2 3 |  3.8
Shields        | 1 2 3 |  3.7
Invocations    | 1 2 3 4 |  4.5
Dodging        | 2 3 |  3.4
Evocations     | 1 2 3 |  3.3
Translocations | 1 2 |  2.7
Spellcasting   | 2 3 |  3.8
Transmutations | 1 2 |  2.3
Fire Magic     | 4 5 6 |  6.1
Conjurations   | 2 3 4 |  4.5
Axes           | 1 3 4 |  4.6
Stealth        | |  1.5

Action                   |  1- 3 |  4- 6 |  7- 9 | 10-12 || total
-------------------------+-------+-------+-------+-------++-------
Melee: Whip              |    53 |     1 |       |       ||    54
       Quarterstaff      |       |    19 |    40 |       ||    59
       War axe           |       |       |    90 |    28 ||   118
 Cast: Foxfire           |    52 |   111 |   224 |    72 ||   459
Evoke: Wand              |       |       |       |     1 ||     1
  Use: Potion            |       |     1 |     5 |     5 ||    11
       Scroll            |       |       |    16 |     1 ||    17
 Stab: Sleeping          |     1 |       |     2 |       ||     3
       Paralysed         |       |       |     2 |       ||     2
Armor: Robe              |     9 |       |       |       ||     9
       Leather armour    |     8 |    12 |    76 |    24 ||   120
Dodge: Dodged            |    33 |    24 |   140 |    57 ||   254

Table legend: (Time is in decaauts)
 A = Elapsed time spent in this place.
 B = Non-inter-level travel time spent in this place.
 C = Inter-level travel time spent in this place.
 D = Time resting spent in this place.
 E = Time spent auto-exploring this place.
 F = Levels seen in this place.
 G = Mean time per level.
                   A        B        C        D        E       F      G
               +--------+--------+--------+--------+--------+-----+--------+
         Total |  11552 |  11238 |    314 |      0 |   9849 |   9 | 1283.6 |
       Dungeon |  11347 |  11097 |    250 |      0 |   9713 |   8 | 1418.4 |
        Temple |    205 |    141 |     64 |      0 |    136 |   1 |  205.0 |
               +--------+--------+--------+--------+--------+-----+--------+

Top non-repeatable levels by time:
     D:8: 1824 daAuts
     D:5: 1795 daAuts
     D:7: 1598 daAuts
     D:4: 1327 daAuts
     D:3: 1298 daAuts
     D:2: 1261 daAuts
     D:6: 1158 daAuts
     D:1: 1083 daAuts
  Temple: 205 daAuts
